 Dungeon Crawl Stone Soup version 0.21.1-1-g345015f (webtiles) character file.

11807 Fang the Cleaver (level 11, -2/106 HPs)
             Began as a Gargoyle Berserker on June 1, 2018.
             Was a High Priest of Trog.
             Slain by CougarLife's ghost (14 damage)
             ... on level 2 of the Lair of Beasts.
             The game lasted 00:18:22 (10239 turns).

Fang the Cleaver (Gargoyle Berserker)              Turns: 10239, Time: 00:18:23

Health: -2/106     AC: 25    Str: 29    XL:     11   Next: 83%
Magic:  11/11      EV:  2    Int:  7    God:    Trog [*****.]
Gold:   494        SH:  5    Dex:  9    Spells: 10/10 levels left

rFire    . . .     SeeInvis +   i - +3 executioner's axe (flame)
rCold    . . .     Gourm    .   (shield currently unavailable)
rNeg     + + +     Faith    .   (armour currently unavailable)
rPois    ∞         Spirit   .   (helmet currently unavailable)
rElec    .         Reflect  +   (cloak currently unavailable)
rCorr    .         Harm     .   (gloves currently unavailable)
MR       .....     NoTele   +   (boots currently unavailable)
Stlth    ++........             b - +5 amulet of reflection
HPRegen  0.27/turn              D - ring of see invisible
MPRegen  0.12/turn              r - +4 ring of strength

@: tree-form, berserk cooldown
A: negative energy resistance 1, sense surroundings 2, petrification resistance,
rot immunity, AC +8
a: Berserk, Trog's Hand, Brothers in Arms, Burn Spellbooks, Renounce Religion


You were on level 2 of the Lair of Beasts.
You worshipped Trog.
Trog was extremely pleased with you.
You were not hungry.
You were a tree.
You visited 3 branches of the dungeon, and saw 14 of its levels.

You collected 494 gold pieces.

Inventory:

Hand Weapons
 i - a +3 executioner's axe of flaming (weapon)
 t - a +1 hand axe of chopping
 G - a +2 battleaxe of chopping
Missiles
 J - 5 needles of sleeping
Armour
 h - a scarf of resistance (melded)
 j - a +1 helmet
 x - a +2 ring mail of cold resistance
 y - a +0 pair of boots (melded)
 z - the +3 scale mail of the End (melded) {rF+}
   (You found it on level 1 of the Lair of Beasts)

   It protects you from fire.
Jewellery
 b - a +5 amulet of reflection (around neck)
 g - an uncursed amulet of harm
 p - an uncursed ring of protection from magic
 r - a +4 ring of strength (right branch)
 D - a ring of see invisible (left branch)
Wands
 v - a wand of acid (20)
 w - a wand of disintegration (12)
 B - a wand of iceblast (11)
 H - a wand of digging (24)
Scrolls
 f - 2 scrolls of magic mapping
 k - 4 scrolls of teleportation
 o - 2 scrolls of fear
 I - a scroll of remove curse
Potions
 a - 2 potions of resistance {unknown}
 d - 2 potions of haste
 e - a potion of heal wounds
 l - 4 potions of curing
 m - 2 potions of might
 n - a potion of ambrosia {unknown}
 q - 4 potions of flight {unknown}
 s - a potion of lignification
 u - 2 potions of magic
 A - a potion of berserk rage {unknown}
 C - 3 potions of degeneration {unknown}
 E - 3 potions of brilliance {unknown}
 F - 4 potions of cancellation {unknown}
 K - 2 potions of agility {unknown}
Comestibles
 c - 22 rations


   Skills:
 + Level 9.1 Fighting
 + Level 12.5 Axes
 + Level 7.7 Armour
 + Level 5.8 Dodging
 + Level 2.6 Stealth


You had 10 spell levels left.
You didn't know any spells.

Dungeon Overview and Level Annotations

Branches:
Dungeon (11/15)            Temple (1/1) D:6            Lair (2/6) D:9
  Swamp: Lair:2-4    Shoals: Lair:2-4     Snake: Lair:2-4    Spider: Lair:2-4
    Orc: D:9-12

Altars:
Ashenzari
Cheibriados
Dithmenos
Elyvilon
Fedhas
Gozag
Hepliaklqana
Kikubaaqudgha
Makhleb
Nemelex Xobeh
Okawaru
Qazlal
Ru
Sif Muna
Trog
Uskayaw
Vehumet
Wu Jian
Xom
Yredelemnul
Zin
The Shining One

Shops:
D:7 [   D:9 ?

Annotations:
Lair:2 CougarLife's ghost, journeyman MiFi


Innate Abilities, Weirdness & Mutations

You are resistant to torment.
((Your stone body is resilient. (AC +8)))
You are immune to poison.
You resist negative energy. (rN+)
((You are resistant to electric shocks. (rElec)))
((You can survive without breathing.))
You are immune to petrification.
You are immune to rotting.
((You have a beak for a mouth.))
You passively map the area around you.


Message History

* * * LOW HITPOINT WARNING * * *
You miss CougarLife's ghost.
CougarLife's ghost is almost destroyed.
CougarLife's ghost hits you but does no damage.
CougarLife's ghost hits you.
* * * LOW HITPOINT WARNING * * *
You miss CougarLife's ghost.
CougarLife's ghost is almost destroyed.
CougarLife's ghost whispers, "There is no future for you."
CougarLife's ghost hits you but does no damage. x2
You closely miss CougarLife's ghost.
CougarLife's ghost is severely damaged.
CougarLife's ghost hits you but does no damage.
CougarLife's ghost sneers, "Do you call that fighting?"
CougarLife's ghost hits you but does no damage.
You slash CougarLife's ghost! You burn CougarLife's ghost.
CougarLife's ghost is almost destroyed.
You feel yourself speed up. CougarLife's ghost hits you!
You die...

,,, * *
#..............*
,..............#*
*
#.............##
#..............#
#............#
#...........*
#.....W..##
#....♣...#*
#.....#.†## *
#.....##.†.## , ,
....<# ##...####
,..... ####.#.# *
.... * ##..####
... , * ##..#.# *
... ##...# ## *,
##..#####.


You could see CougarLife's ghost.

Vanquished Creatures
  A two-headed ogre (D:10)
  Pikel (D:6)
  A black mamba (Lair:2)
  Maurice (D:9)
  4 centaur skeletons (D:10)
  A spiny frog (Lair:2)
  A komodo dragon (Lair:1)
  A troll (D:9)
  Grinder (D:6)
  A spriggan (D:8)
  The ghost of Naiya55 the Digger, an amateur GrEE (D:4)
  2 wyverns
  4 wraiths
  6 yaks
  3 water moccasins
  8 porcupines
  3 slaves (D:6)
  5 ice beasts
  3 orc warriors
  2 phantoms
  3 sky beasts
  3 black bears (D:9)
  4 centaurs
  3 ogres
  3 crocodiles
  4 bullfrogs
  A gnoll sergeant (D:5)
  4 scorpions
  13 killer bees
  3 howler monkeys
  4 wights (D:8)
  A quasit (D:8)
  9 crimson imps
  2 hounds
  5 jellies
  3 orc priests
  A bullfrog skeleton (D:10)
  Ijyb (D:3)
  Terence (D:2)
  Jessica (D:3)
  4 iguanas
  3 orc wizards
  11 worker ants
  A killer bee zombie (D:4)
  A mummy (D:8)
  A worker ant zombie (D:10)
  16 gnolls
  10 adders
  2 oozes
  2 adder skeletons
  2 adder zombies
  2 worms
  A dart slug (D:3)
  5 leopard geckos
  32 orcs
  A ball python (D:3)
  5 giant cockroaches
  13 goblins
  8 hobgoblins
  13 jackals
  5 quokkas
  7 bats
  4 frilled lizards
  11 kobolds
  2 leopard gecko skeletons
  9 rats
  2 fungi (D:9)
  2 plants
294 creatures vanquished.

Vanquished Creatures (collateral kills)
  A plant (Lair:1)
1 creature vanquished.

Vanquished Creatures (others)
  A jelly (D:6)
  3 fungi
  A plant (D:9)
5 creatures vanquished.

Grand Total: 300 creatures vanquished

Notes
Turn   | Place    | Note
-------+----------+-------------------------------------------
     0 | D:1      | Fang the Gargoyle Berserker began the quest for the Orb.
     0 | D:1      | Reached XP level 1. HP: 14/14 MP: 1/1
   288 | D:1      | Reached XP level 2. HP: 13/19 MP: 2/2
   428 | D:1      | Reached skill level 3 in Axes
  1355 | D:2      | Found an iron altar of Okawaru.
  1363 | D:2      | Reached XP level 3. HP: 21/23 MP: 3/3
  1433 | D:2      | Reached XP level 4. HP: 29/29 MP: 4/4
  1449 | D:2      | Reached ** piety under Trog
  1451 | D:2      | Found a shadowy altar of Dithmenos.
  1514 | D:2      | Found a glowing golden altar of the Shining One.
  1514 | D:2      | Found an iron altar of Okawaru.
  1685 | D:2      | Noticed Terence
  1694 | D:2      | Killed Terence
  1694 | D:2      | Reached skill level 4 in Axes
  1973 | D:2      | Reached XP level 5. HP: 28/33 MP: 5/5
  2414 | D:3      | Noticed Ijyb
  2418 | D:3      | HP: 1/34 [acid (13)]
  2422 | D:3      | Killed Ijyb
  2752 | D:3      | Reached XP level 6. HP: 39/39 MP: 6/6
  2758 | D:3      | Found a glowing golden altar of the Shining One.
  2846 | D:3      | Reached skill level 5 in Axes
  2852 | D:3      | Noticed Jessica
  2856 | D:3      | Killed Jessica
  2856 | D:3      | Reached *** piety under Trog
  3112 | D:4      | Got a faintly glowing long sword
  3113 | D:4      | Identified the +4 long sword of Growth {pain, Int+3} (You found it on level 4 of the Dungeon)
  3238 | D:4      | Noticed Naiya55's ghost (amateur GrEE)
  3248 | D:4      | Killed Naiya55's ghost
  3248 | D:4      | Reached XP level 7. HP: 44/44 MP: 7/7
  3366 | D:4      | Reached skill level 1 in Stealth
  3377 | D:4      | Reached skill level 5 in Fighting
  3377 | D:4      | Reached skill level 6 in Axes
  3585 | D:4      | Found a sparkling altar of Nemelex Xobeh.
  3953 | D:5      | Entered Level 5 of the Dungeon
  4023 | D:5      | Reached **** piety under Trog
  4178 | D:5      | Reached XP level 8. HP: 44/49 MP: 8/8
  4328 | D:5      | Found a sacrificial altar of Ru.
  4377 | D:5      | Reached skill level 7 in Axes
  4710 | D:5      | Found a burning altar of Makhleb.
  4711 | D:5      | Found a radiant altar of Vehumet.
  4801 | D:6      | Noticed Grinder
  4811 | D:6      | Killed Grinder
  4811 | D:6      | Reached skill level 5 in Armour
  4829 | D:6      | Noticed Pikel
  4845 | D:6      | Killed Pikel
  4845 | D:6      | Reached skill level 8 in Axes
  4845 | D:6      | Reached XP level 9. HP: 55/55 MP: 9/9
  5026 | D:6      | Found a staircase to the Ecumenical Temple.
  5453 | Temple   | Entered the Ecumenical Temple
  5733 | D:7      | Reached ***** piety under Trog
  5733 | D:7      | Reached skill level 9 in Axes
  5862 | D:7      | Found Plog's Armour Shoppe.
  6180 | D:8      | Reached XP level 10. HP: 35/63 MP: 10/10
  6445 | D:8      | Found the +5 scythe "Finisher" {speed, Str+3}
  6957 | D:8      | Reached skill level 10 in Axes
  6986 | D:8      | Found a snail-covered altar of Cheibriados.
  7057 | D:9      | Noticed Maurice
  7069 | D:9      | Killed Maurice
  7069 | D:9      | Received a gift from Trog
  7081 | D:9      | Reached skill level 5 in Dodging
  7337 | D:9      | Found a staircase to the Lair.
  7490 | D:9      | Found Gijuig's Magic Scroll Shop.
  7494 | D:9      | Found a shadowy altar of Dithmenos.
  7520 | D:9      | Found a white marble altar of Elyvilon.
  7725 | D:9      | Reached skill level 11 in Axes
  7896 | D:9      | Reached XP level 11. HP: 50/68 MP: 11/11
  7992 | D:9      | Found a hazy altar of Hepliaklqana.
  8097 | D:10     | Entered Level 10 of the Dungeon
  8099 | D:10     | Identified a scroll of acquirement
  8291 | D:10     | Noticed a two-headed ogre
  8300 | D:10     | Killed a two-headed ogre
  9091 | Lair:1   | Entered Level 1 of the Lair of Beasts
  9405 | Lair:1   | Reached skill level 12 in Axes
  9407 | Lair:1   | Received a gift from Trog
  9706 | Lair:1   | Gained mutation: You are clumsy. (Dex -2) [potion of mutation]
  9706 | Lair:1   | Gained mutation: Your body sometimes deteriorates upon taking damage. [potion of mutation]
  9706 | Lair:1   | Gained mutation: You are dopey. (Int -2) [potion of mutation]
  9706 | Lair:1   | Gained mutation: You passively map a small area around you. [potion of mutation]
  9707 | Lair:1   | Lost mutation: Your body sometimes deteriorates upon taking damage. [potion of mutation]
  9707 | Lair:1   | Lost mutation: You are dopey. (Int -2) [potion of mutation]
  9707 | Lair:1   | Lost mutation: You are clumsy. (Dex -2) [potion of mutation]
  9707 | Lair:1   | Gained mutation: You passively map the area around you. [potion of mutation]
  9707 | Lair:1   | Gained mutation: You have a beak for a mouth. [potion of mutation]
  9714 | Lair:1   | Got a polished scale mail
  9725 | Lair:1   | Identified the +3 scale mail of the End {rF+} (You found it on level 1 of the Lair of Beasts)
 10198 | Lair:2   | Noticed CougarLife's ghost (journeyman MiFi)
 10239 | Lair:2   | Slain by CougarLife's ghost

Skill      XL: |  1  2  3  4  5  6  7  8  9 10 11 |
---------------+----------------------------------+-----
Axes           | 3 4 5 6 8 9 11 12 | 12.5
Fighting       | 4 5 7 8 9 |  9.1
Dodging        | 2 3 4 5 |  5.8
Stealth        | 1 2 |  2.6
Armour         | 4 5 6 7 |  7.7

Action                   |  1- 3 |  4- 6 |  7- 9 | 10-12 || total
-------------------------+-------+-------+-------+-------++-------
Melee: Hand axe          |    51 |   193 |   355 |   159 ||   758
       Executioner's axe |       |       |       |   261 ||   261
       Peck              |       |       |       |    11 ||    11
       Battleaxe         |       |       |       |     2 ||     2
Invok: Berserk           |     2 |     4 |     6 |     8 ||    20
       Burn Spellbooks   |       |       |     1 |     1 ||     2
  Use: Scroll            |       |       |    14 |     7 ||    21
       Potion            |       |       |     2 |     5 ||     7
 Stab: Distracted        |       |       |       |     1 ||     1
  Eat: Chunk             |     4 |     8 |    13 |    11 ||    36
       Ration            |       |       |     1 |     3 ||     4
Armor: Animal skin       |    18 |    49 |       |       ||    67
       Ring mail         |       |    32 |   133 |   183 ||   348
       Scale mail        |       |       |       |    34 ||    34
       Skin              |       |       |       |     6 ||     6
Dodge: Dodged            |    29 |   112 |   181 |   347 ||   669
Block: Other             |       |     7 |    86 |   103 ||   196
       Reflection        |       |       |     1 |     1 ||     2
